 Dungeon Crawl Stone Soup version 0.29.1-1-gd02db69 (webtiles) character file.

Game seed: 6232877578923509554

4363 FineSilver the Thaumaturge (level 10, -2/52 HPs)
             Began as a Deep Elf Conjurer on Mar 1, 2023.
             Was an Initiate of Vehumet.
             Succumbed to a killer bee's poison
             ... on level 10 of the Dungeon on Mar 3, 2023.
             The game lasted 01:38:08 (10352 turns).

FineSilver the Thaumaturge (Deep Elf Conjurer)     Turns: 10352, Time: 01:38:15

Health: -2/52      AC:  5    Str:  4    XL:     10   Next: 12%
Magic:  19/34      EV: 12    Int: 34    God:    Vehumet [......]
Gold:   580        SH: 12    Dex: 13    Spells: 17/28 levels left

rFire   + . .      SeeInvis .   i - +2 dagger (protect)
rCold   . . .      Faith    +   e - +4 kite shield
rNeg    . . .      Spirit   .   h - +2 robe {rF+}
rPois   .          Reflect  .   (no helmet)
rElec   .          Harm     .   F - scarf {shadows}
rCorr   .          Rampage  .   (no gloves)
Will    +....                   c - +0 pair of boots
Stlth   ++........              r - amulet of faith
HPRegen 0.17/turn               x - ring of magical power
MPRegen 0.24/turn               t - +6 ring of intelligence

@: lethally poisoned (-2 -> -18)
A: no striking features
a: Renounce Religion


You were on level 10 of the Dungeon.
You worshipped Vehumet.
Vehumet was noncommittal.
You visited 1 branch of the dungeon, and saw 10 of its levels.

You collected 580 gold pieces.

Inventory:

Hand Weapons
 i - a +2 dagger of protection (weapon)
 j - a +0 dagger of draining
 m - a +1 vampiric dagger
 C - a +4 great sword
Missiles
 k - 28 poisoned darts
 s - 2 boomerangs of dispersal
Armour
 c - a +0 pair of boots (worn)
 e - a +4 kite shield (worn)
 h - a +2 robe of fire resistance (worn)
 E - an orb of light
 F - a scarf of shadows (worn)
Jewellery
 g - a ring of ice
 r - an amulet of faith (around neck)
 t - a +6 ring of intelligence (right hand)
 x - a ring of magical power (left hand)
Wands
 v - a wand of acid (10)
 y - a wand of flame (9)
 A - a wand of paralysis (8)
Scrolls
 a - 3 scrolls of poison
 p - 2 scrolls of butterflies
 q - 2 scrolls of magic mapping
 u - 3 scrolls of teleportation
 z - a scroll of amnesia {unknown}
 B - a scroll of immolation {unknown}
Potions
 b - a potion of magic
 d - 3 potions of lignification
 f - 2 potions of might
 l - a potion of mutation
 n - a potion of ambrosia {unknown}
 o - 3 potions of flight
 w - a potion of berserk rage {unknown}


   Skills:
 + Level 1.5 Fighting
 * Level 2.9 Short Blades
 + Level 1.3 Armour
 + Level 4.9 Dodging
 + Level 3.3 Stealth
 + Level 3.4 Shields
 * Level 9.7 Spellcasting
 * Level 8.3 Conjurations
 * Level 5.3 Hexes
 * Level 5.4 Translocations
 - Level 4.9 Air Magic


You had 17 spell levels left.
You knew the following spells:

 Your Spells              Type           Power      Damage    Failure   Level
a - Magic Dart            Conj           100%       1d8       1%          1
b - Searing Ray           Conj           100%       2d8       1%          2
c - Shock                 Conj/Air       100%       1d9       1%          1
d - Apportation           Tloc           100%       N/A       1%          1
e - Dazzling Flash        Conj/Hex       100%       N/A       1%          3
f - Tukima's Dance        Hex            52%        N/A       2%          3

Your spell library contained the following spells:

 Spells                   Type           Power      Damage    Failure   Level
 Gell's Gravitas          Tloc           52%        N/A       2%          3
 Portal Projectile        Hex/Tloc       100%       N/A       2%          3
 Fulminant Prism          Conj/Hex       29%        3d14      4%          4
 Iskenderun's Mystic Bla  Conj/Tloc      59%        2d12      4%          4
 Airstrike                Air            25%        2d(4-20)  11%         4
 Manifold Assault         Tloc           52%        N/A       26%         5
 Silence                  Hex/Air        25%        N/A       28%         5
 Dispersal                Tloc           26%        N/A       82%         6
 Blade Hands              Tmut           8%         N/A       93%         5


Dungeon Overview and Level Annotations

Branches:
Dungeon (10/15)            Temple (0/1) D:6
   Lair: D:8-11         Orc: D:9-12

Altars:
Hepliaklqana
Makhleb
Qazlal
Uskayaw
Vehumet
Xom
Zin

Shops:
D:6 =

Annotations:
D:2 1 runed translucent door, Crazy Yiuf
D:3 Sigmund


Message History

You block the killer bee's attack. The killer bee barely misses you.
The searing ray misses the killer bee.
You feel very sick.
The killer bee stings you but does no damage. x2
You block the killer bee's attack. The killer bee barely misses you.
The searing ray hits the killer bee!
You kill the killer bee!
Vehumet accepts your kill.
You feel sick.
The killer bee is no longer blind.
The killer bee barely misses you. The killer bee misses you.
The searing ray hits the killer bee!
The killer bee is heavily wounded.
You finish channelling your searing ray.
You feel sick.
The killer bee is no longer blind.
The killer bee stings you. x3
You block the killer bee's attack.
Casting: Searing Ray (safe; 1% risk of failure)
Confirm with . or Enter, or press ? or * to list all spells.
Casting: Dazzling Flash (safe; 1% risk of failure)
Press: ? - help, Dir - look around, f - activate Look: a killer bee (heavily wounded, chance to dazzle: 83%)
The killer bee is dazzled. x2; The orc wizard is dazzled.
You feel sick. The killer bee barely misses you.
The killer bee stings you but does no damage.
You block the killer bee's attack. x2
You feel sick. The killer bee completely misses you.
You feel sick. You block the killer bee's attack.
You feel sick.
The killer bee is no longer blind.
The killer bee misses you. The killer bee stings you.
* * * LOW HITPOINT WARNING * * *
You are more poisoned.
The killer bee poisons you! The killer bee barely misses you.
There is a stone staircase leading down here.
You feel sick.
The orc wizard is no longer blind.
The killer bee stings you.
* * * LOW HITPOINT WARNING * * *
You block the killer bee's attack. The killer bee stings you.
* * * LOW HITPOINT WARNING * * *
You are more poisoned.
The killer bee poisons you! You block the killer bee's attack.
You climb downwards.
You die...

+ ##. ..
#####.#####
#......$..#
#.........#
#...@.....#
#..yy......
#.........#
#.........#
#.........#
#.........#
..........#


You could see 2 killer bees.

Vanquished Creatures
  Maurice (D:8)
  2 hornets (D:8)
  Prince Ribbit (D:6)
  Eustachio (D:6)
  Edmund (D:6)
  2 sky beasts (D:8)
  An orc warrior (D:8)
  3 black bears
  An ogre (D:6)
  4 centaurs
  A kobold brigand (D:9)
  3 phantoms
  4 bullfrogs
  2 necrophages (D:5)
  2 scorpions
  A water moccasin zombie (D:4)
  5 wights
  6 killer bees (D:9)
  2 howler monkeys (D:7)
  A crimson imp (D:5)
  A bullfrog skeleton (D:4)
  A jelly (D:5)
  2 orc priests (D:6)
  A hound (D:5)
  Jessica (D:3)
  5 iguanas
  2 orc wizards
  Natasha (thrice) (D:2)
  2 hound zombies (D:4)
  2 hound skeletons (D:4)
  3 gnolls (D:7)
  6 adders
  A shadow imp (D:6)
  A white imp (D:5)
  2 adder zombies (D:4)
  An adder skeleton (D:4)
  A worm (D:2)
  2 dart slugs
  6 orcs
  3 endoplasms
  4 giant cockroaches
  5 goblins (D:4)
  5 hobgoblins
  2 jackals (D:3)
  9 kobolds
  2 quokkas
  3 bats
  3 frilled lizards
  A quokka zombie (D:4)
  5 rats
129 creatures vanquished.

Vanquished Creatures (collateral kills)
  A gnoll sergeant (D:7)
  A wight (D:8)
  A gnoll (D:7)
  An orc (D:8)
  3 kobolds (D:9)
7 creatures vanquished.

Vanquished Creatures (others)
  A dancing weapon (D:9)
  9 plants (D:5)
  2 withered plants (D:4)
12 creatures vanquished.

Grand Total: 148 creatures vanquished

Notes
Turn   | Place    | Note
-------+----------+-------------------------------------------
     0 | D:1      | FineSilver the Deep Elf Conjurer began the quest for the
                  | Orb.
     0 | D:1      | Reached XP level 1. HP: 10/10 MP: 6/6
   234 | D:1      | Found a faded altar of an unknown god.
   293 | D:1      | Reached XP level 2. HP: 15/15 MP: 5/8
   651 | D:3      | Reached skill level 5 in Conjurations
   655 | D:3      | Reached XP level 3. HP: 13/19 MP: 7/9
  1165 | D:2      | Reached skill level 1 in Shields
  1321 | D:2      | Reached skill level 1 in Armour
  1524 | D:2      | Identified a scroll of acquirement
  1530 | D:2      | Acquired the Codex of the Traveller and the Nimbus
  1537 | D:2      | Learned a level 2 spell: Searing Ray
  1539 | D:2      | Learned a level 1 spell: Shock
  1668 | D:2      | Noticed Natasha
  1673 | D:2      | Killed Natasha
  1674 | D:2      | Reached XP level 4. HP: 24/24 MP: 5/11
  1756 | D:2      | Noticed Natasha
  1760 | D:2      | Killed Natasha
  1839 | D:2      | Found a runed translucent door.
  1840 | D:2      | Noticed Crazy Yiuf
  1918 | D:2      | Noticed Natasha
  1923 | D:2      | Killed Natasha
  1924 | D:2      | Reached skill level 1 in Air Magic
  2181 | D:3      | Noticed Jessica
  2204 | D:3      | Killed Jessica
  2205 | D:3      | Reached skill level 4 in Spellcasting
  2205 | D:3      | Reached XP level 5. HP: 18/28 MP: 10/13
  2718 | D:3      | Noticed Sigmund
  3017 | D:4      | Noticed a phantom
  3060 | D:4      | Found a hide-covered altar of Uskayaw.
  3217 | D:4      | Reached XP level 6. HP: 28/33 MP: 11/15
  3489 | D:4      | Reached skill level 5 in Spellcasting
  3585 | D:4      | Reached skill level 1 in Short Blades
  3645 | D:4      | Reached skill level 1 in Translocations
  3961 | D:4      | Reached XP level 7. HP: 31/37 MP: 9/16
  4442 | D:5      | Entered Level 5 of the Dungeon
  4572 | D:5      | Learned a level 1 spell: Apportation
  5316 | D:5      | Found a burning altar of Makhleb.
  5420 | D:6      | Found Jeathaen's Jewellery Shoppe.
  5767 | D:7      | Reached skill level 6 in Spellcasting
  5767 | D:7      | Reached XP level 8. HP: 42/42 MP: 19/19
  5845 | D:7      | Reached skill level 1 in Hexes
  5873 | D:7      | Learned a level 3 spell: Dazzling Flash
  6615 | D:6      | Reached skill level 7 in Spellcasting
  6942 | D:6      | Reached skill level 1 in Fighting
  6942 | D:6      | Found a glowing silver altar of Zin.
  7036 | D:6      | Noticed Eustachio
  7060 | D:6      | Reached XP level 9. HP: 45/47 MP: 22/22
  7061 | D:6      | Noticed Edmund
  7064 | D:6      | Killed Eustachio
  7075 | D:6      | Killed Edmund
  7076 | D:6      | Reached skill level 8 in Spellcasting
  7377 | D:6      | Found a staircase to the Ecumenical Temple.
  7634 | D:6      | Noticed Prince Ribbit
  7964 | D:6      | Killed Prince Ribbit
  8025 | D:6      | Learned a level 3 spell: Tukima's Dance
  8465 | D:8      | Noticed Maurice
  8469 | D:8      | Paralysed by Maurice for 2 turns
  8476 | D:8      | Killed Maurice
  8717 | D:8      | Reached skill level 5 in Hexes
  8724 | D:8      | Reached skill level 9 in Spellcasting
  8814 | D:8      | Found a shimmering altar of Xom.
  8815 | D:8      | Found a stormy altar of Qazlal.
  8822 | D:8      | Paralysed by a hornet for 2 turns
  9122 | D:8      | Found a radiant altar of Vehumet.
  9150 | D:8      | Became a worshipper of Vehumet
  9270 | D:8      | Found a hazy altar of Hepliaklqana.
  9408 | D:8      | Reached XP level 10. HP: 21/50 MP: 25/25
  9607 | D:8      | Reached skill level 5 in Translocations
 10351 | D:9      | HP: 1/52 [killer bee (3)]
 10352 | D:10     | Entered Level 10 of the Dungeon
 10352 | D:10     | Succumbed to a killer bee's poison

Illustrated notes

Levels and vault maps discovered:
D:1:      dpeg_arrival_rhombi, layout_rooms, shapermc_ecumenical_altar_venn,
          dk_noncrumbling_2, kennysheep_nondescript, nrook_mini_vaults,
          minmay_misc_feat_x
D:2:      layout_rooms, corexii_corridor_pit, uniq_crazy_yiuf_cottage,
          uniq_natasha
D:3:      layout_basic, uniq_sigmund, uniq_jessica
D:4:      layout_basic, eat_drink_and_be_merry_uskayaw, serial_undead,
          serial_undead_a, serial_undead_e, serial_undead_e, serial_undead_e
D:5:      layout_rooms, makhleb_grotto_becter, serial_bayou_ford_a
D:6:      layout_basic, overflow_temple_1_default,
          minmay_temple_entry_drinking_statues, serial_shops,
          nicolae_stop_n_shop_2, minmay_misc_feat_nine_boxes, st_stairs_10,
          uniq_eustachio, uniq_prince_ribbit1, uniq_edmund
D:7:      layout_cave_pools
D:8:      layout_loops_cross, grunt_temple_overflow_open,
          nicolae_hepliaklqana_hippocampus, uniq_maurice
D:9:      layout_gridville
D:10:     layout_roguey, david_lair_shrubbed, serial_shops, nicolae_shop_trees

Skill      XL: |  1  2  3  4  5  6  7  8  9 10 |
---------------+-------------------------------+-----
Conjurations   | 5 6 7 8 |  8.3
Shields        | 1 2 3 |  3.4
Armour         | 1 |  1.3
Air Magic      | 1 2 3 4 |  4.9
Spellcasting   | 4 5 6 7 9 |  9.7
Short Blades   | 1 2 |  2.9
Dodging        | 3 4 |  4.9
Translocations | 1 2 3 4 5 |  5.4
Stealth        | 3 |  3.3
Hexes          | 2 5 |  5.3
Fighting       | 1 |  1.5

Action                   |  1- 3 |  4- 6 |  7- 9 | 10-12 || total
-------------------------+-------+-------+-------+-------++-------
Melee: Dagger            |    50 |    87 |    69 |     4 ||   210
 Cast: Magic Dart        |    33 |    69 |    76 |     7 ||   185
       Shock             |     5 |     3 |    20 |     4 ||    32
       Searing Ray       |       |     3 |    51 |    12 ||    66
       Apportation       |       |       |     1 |       ||     1
       Dazzling Flash    |       |       |     7 |     4 ||    11
       Tukima's Dance    |       |       |     5 |     7 ||    12
Evoke: Wand              |       |       |     4 |       ||     4
  Use: Scroll            |     6 |     2 |    10 |     1 ||    19
       Potion            |     1 |     4 |     7 |       ||    12
Armor: Plate armour      |    87 |       |       |       ||    87
       Chain mail        |       |    38 |       |       ||    38
       Robe              |       |    22 |    31 |     7 ||    60
       Skin              |       |     1 |       |       ||     1
Dodge: Dodged            |     7 |    34 |    50 |    28 ||   119
Block: Kite shield       |    37 |    66 |    81 |    32 ||   216
